 Dungeon Crawl Stone Soup version 0.28-a0-793-g31680bbd8b (webtiles) character file.

Game seed: 6347222218517257997

266 ytrimaz the Cutter (level 6, 14/47 HPs)
             Began as a Demonspawn Fighter on Nov 3, 2021.
             Quit the game on level 3 of the Dungeon.
             The game lasted 00:01:42 (2186 turns).

ytrimaz the Cutter (Demonspawn Fighter)             Turns: 2186, Time: 00:01:42

Health: 14/47      AC:  8    Str: 18    XL:     6   Next: 0%
Magic:  6/6        EV: 10    Int: 10    God:
Gold:   80         SH:  4    Dex: 12    Spells: 5/5 levels left

rFire   . . .      SeeInvis .   h - +3 dagger (vamp)
rCold   . . .      Faith    .   c - +0 buckler
rNeg    . . .      Spirit   .   b - +0 scale mail
rPois   .          Reflect  .   (no helmet)
rElec   .          Harm     .   (no cloak)
rCorr   .          Rampage  .   (no gloves)
Will    .....                   (no boots)
Stlth   ..........              (no amulet)
HPRegen 0.15/turn               (no ring)
MPRegen 0.10/turn               (no ring)

@: no status effects
A: molten scales 1, ignite blood 1, demonic magic 1
a: no special abilities


You were on level 3 of the Dungeon.
You visited 1 branch of the dungeon, and saw 3 of its levels.

You collected 80 gold pieces.

Inventory:

Hand Weapons
 a - a +0 rapier
 h - a +3 vampiric dagger (weapon)
Armour
 b - a +0 scale mail (worn)
 c - a +0 buckler (worn)
Jewellery
 i - an amulet of faith
 l - an amulet of guardian spirit
Wands
 d - a wand of mindburst (10)
Scrolls
 e - a scroll of vulnerability {unknown}
 f - 3 scrolls of teleportation {unknown}
 j - 2 scrolls of identify {unknown}
 k - a scroll of silence {unknown}
Potions
 g - 2 potions of heal wounds {unknown}


   Skills:
 + Level 3.5 Fighting
 * Level 4.1 Short Blades
 + Level 3.4 Armour
 * Level 1.9 Dodging
 + Level 3.1 Shields


You had 5 spell levels left.
You didn't know any spells.
Your spell library was empty.

Dungeon Overview and Level Annotations

Branches:
Dungeon (3/15)

Altars:


Innate Abilities, Weirdness & Mutations

You are partially covered in molten scales. (AC +2)
Your demonic aura sometimes causes spilled blood to erupt in flames.
Spells you cast may paralyse adjacent enemies.


Message History

The orc hits you but does no damage. You block the quokka's attack.
The orc closely misses you.
Things that are here:
a +0 short sword; a +0 robe; an orc corpse You miss the quokka.
The quokka is heavily wounded.
The quokka misses you.
The orc zaps a wand.
Your mind is blasted!
* * * LOW HITPOINT WARNING * * *
You hit the quokka.
The quokka is almost dead.
The quokka bites you.
* * * LOW HITPOINT WARNING * * *
The orc hits you but does no damage.
You hit the quokka.
You feel better.
You kill the quokka!
You block the orc's attack.
You barely miss the orc. You hit the orc.
You feel better.
The orc is heavily wounded.
The orc hits you but does no damage.
You closely miss the orc.
The orc is heavily wounded.
The orc closely misses you.
You barely miss the orc.
The orc is heavily wounded.
You block the orc's attack.
You closely miss the orc.
The orc is heavily wounded.
The orc misses you.
You hit the orc.
You kill the orc!
You have reached level 6!
Your experience leads to an increase in your attributes!
Increase (S)trength, (I)ntelligence, or (D)exterity?
You feel stronger.
Your demonic ancestry asserts itself...
A menacing aura infuses your magic.
d - a wand of mindburst (10)
You now have 80 gold pieces (gained 12).
Items here: )) [[.
Are you sure you want to abandon this character and quit the game? (Confirm with "yes".)

..... .....##
....... .......
....#.## #####
#...######...#####
#))<..##........
#.....###.##........
#..#.## #..)@...#
.... #. ###)....#
... .............#
## ##.######.....#
#g #.....# .g
#######


There were no monsters in sight!

Vanquished Creatures
  A water moccasin zombie (D:3)
  A hound (D:2)
  Jessica (D:2)
  Natasha (twice) (D:2)
  An orc wizard (D:3)
  Robin (D:3)
  An adder (D:2)
  3 orcs (D:3)
  4 ball pythons
  A bat zombie (D:1)
  2 endoplasms (D:1)
  A giant cockroach (D:1)
  12 goblins
  6 hobgoblins
  12 jackals
  2 quokkas
  5 bats
  3 frilled lizards
  2 kobolds
  A quokka zombie (D:1)
  2 rats (D:1)
64 creatures vanquished.

Notes
Turn   | Place    | Note
-------+----------+-------------------------------------------
     0 | D:1      | ytrimaz the Demonspawn Fighter began the quest for the Orb.
     0 | D:1      | Reached XP level 1. HP: 18/18 MP: 1/1
    61 | D:1      | Reached skill level 2 in Short Blades
    62 | D:1      | Gained mutation: You are partially covered in molten
                  | scales. (AC +2) [demonic ancestry]
    62 | D:1      | Reached XP level 2. HP: 15/24 MP: 2/2
   300 | D:1      | Found a faded altar of an unknown god.
   709 | D:1      | Reached skill level 1 in Dodging
   709 | D:1      | Reached XP level 3. HP: 29/29 MP: 3/3
  1059 | D:2      | Noticed Jessica
  1064 | D:2      | Killed Jessica
  1231 | D:2      | Noticed Natasha
  1236 | D:2      | Killed Natasha
  1237 | D:2      | Reached skill level 3 in Short Blades
  1237 | D:2      | Reached XP level 4. HP: 35/35 MP: 4/4
  1881 | D:2      | Noticed Natasha
  1890 | D:2      | Killed Natasha
  1891 | D:2      | Gained mutation: Your demonic aura sometimes causes spilled
                  | blood to erupt in flames. [demonic ancestry]
  1891 | D:2      | Reached XP level 5. HP: 41/41 MP: 5/5
  2064 | D:3      | Noticed Robin
  2089 | D:3      | Reached skill level 4 in Short Blades
  2091 | D:3      | Killed Robin
  2183 | D:3      | Gained mutation: Spells you cast may paralyse adjacent
                  | enemies. [demonic ancestry]
  2183 | D:3      | Reached XP level 6. HP: 13/47 MP: 6/6
  2186 | D:3      | Quit the game

Illustrated notes

Levels and vault maps discovered:
D:1:      saegor_arrival_fortress, layout_loops_ring,
          hellmonk_ecumenical_altar_crossroads, minmay_tiny_reverse_x
D:2:      layout_loops_corners, uniq_natasha, uniq_jessica
D:3:      layout_loops_ring, lemuel_crystal_altar, grunt_ministairs_1,
          lemuel_flame_loot_1, uniq_robin

Skill      XL: |  1  2  3  4  5 |
---------------+----------------+-----
Short Blades   | 2 3 4 |  4.1
Dodging        | 1 |  1.9
Armour         | 3 |  3.4
Shields        | 3 |  3.1
Fighting       | |  3.5

Action                   |  1- 3 |  4- 6 || total
-------------------------+-------+-------++-------
Melee: Rapier            |    83 |       ||    83
       Dagger            |    15 |   131 ||   146
  Use: Potion            |       |     1 ||     1
Armor: Scale mail        |    49 |    67 ||   116
Dodge: Dodged            |    44 |    60 ||   104
Block: Buckler           |    17 |    35 ||    52

Table legend: (Time is in decaauts)
 A = Elapsed time spent in this place.
 B = Non-inter-level travel time spent in this place.
 C = Inter-level travel time spent in this place.
 D = Time resting spent in this place.
 E = Time spent auto-exploring this place.
 F = Levels seen in this place.
 G = Mean time per level.
                   A        B        C        D        E       F      G
               +--------+--------+--------+--------+--------+-----+--------+
         Total |   2200 |   2159 |     41 |      0 |   1804 |   3 |  733.3 |
       Dungeon |   2200 |   2159 |     41 |      0 |   1804 |   3 |  733.3 |
               +--------+--------+--------+--------+--------+-----+--------+

Top non-repeatable levels by time:
     D:1: 1068 daAuts
     D:2: 995 daAuts
     D:3: 137 daAuts
